[Event "PolofMCR junior2016"]
[Site "?"]
[Date "2016.11.13"]
[Round "1"]
[White "Sajdl, Jan"]
[Black "Reznicek, Dominik"]
[Result "0-1"]
[ECO "B15"]
[WhiteElo "1687"]
[BlackElo "2066"]
[Annotator "Burda,Roman"]
[PlyCount "66"]
[EventDate "2016.??.??"]
[TimeControl "180"]

{460MB, Rybka4Gen.ctg, Roman-THINK} 1. e4 c6 2. d4 d5 3. Nc3 Nf6 4. e5 Nfd7 5. Bd3 e6 6. Nf3 c5 7. Be3 Nc6 8. Nb5 a6 9. Nd6+
Bxd6 10. exd6 cxd4 11. Nxd4 Nde5 12. Nb3 Qxd6 13. Bc5 Qc7 14. O-O Ng6 15. Qh5
Nce7 16. Bxg6 Nxg6 17. Qg5 f6 18. Qh5 Kf7 19. f4 Rd8 20. Rf3 Bd7 21. Rg3 Kg8
22. Rh3 Nxf4 23. Qxh7+ Kf7 24. Rg3 Ne2+ 25. Kf2 Nxg3 26. hxg3 Rh8 27. Qd3 Rac8
28. c3 Rh5 29. g4 Rh4 30. Qf3 e5 31. Qxd5+ Be6 32. Qd1 Rxg4 33. Be3 e4 0-1

[Event "PolofMCR junior2016 "]
[Site "?"]
[Date "2016.11.13"]
[Round "1"]
[White "Eret, Jonas"]
[Black "Ludvik, Tomas"]
[Result "1-0"]
[ECO "D02"]
[WhiteElo "2159"]
[BlackElo "1955"]
[Annotator "Burda,Roman"]
[PlyCount "65"]
[TimeControl "180"]

{460MB, Rybka4Gen.ctg, Roman-THINK} 1. d4 Nf6 2. Nf3 d5 3. Bf4
Bf5 4. e3 e6 5. Be2 Bd6 6. Bg3 O-O 7. Nbd2 c5 8. dxc5 Bxc5 9. O-O Nc6 10. Nb3
Bd6 11. Bxd6 Qxd6 12. c4 Rad8 13. c5 Qe7 14. Nfd4 Bg6 15. Nxc6 bxc6 16. Na5 Rc8
17. b4 Ne4 18. Rc1 Qf6 19. Ba6 Rc7 20. f3 Nc3 21. Qd2 Nb1 22. Rxb1 Bxb1 23.
Rxb1 e5 24. a4 Rd8 25. Nb7 Rdd7 26. Nd6 h5 27. Ne8 Qg6 28. Rc1 e4 29. f4 Qf5
30. Nxc7 Rxc7 31. b5 cxb5 32. axb5 g5 33. b6 1-0

[Event "PolofMCR junior2016"]
[Site "?"]
[Date "2016.11.13"]
[Round "1"]
[White "Paulus, Vaclav"]
[Black "Simet, Martin"]
[Result "1/2-1/2"]
[ECO "E92"]
[WhiteElo "1822"]
[BlackElo "2081"]
[Annotator "Burda,Roman"]
[PlyCount "53"]
[TimeControl "180"]

{460MB, Rybka4Gen.ctg, Roman-THINK} 1. d4 Nf6 2. Nf3 g6 3. c4
Bg7 4. Nc3 O-O 5. e4 d6 6. Be2 e5 7. Bg5 h6 8. Bxf6 Qxf6 9. dxe5 dxe5 10. Nd5
Qd8 11. Qb3 c6 12. Nb4 Qe7 13. O-O Bg4 14. h3 Be6 15. Nd3 f6 16. a4 b6 17. Qc2
Nd7 18. Nd2 f5 19. f3 f4 20. c5 Qg5 21. Kh1 Qh4 22. cxb6 axb6 23. Qxc6 Bxh3 24.
gxh3 Qxh3+ 25. Kg1 Qg3+ 26. Kh1 Qh4+ 27. Kg1 1/2-1/2